 Dungeon Crawl Stone Soup version 0.29.1-14-g9c671dbff4 (webtiles) character file.

Game seed: 16328762343305769387

3754 promet the Covert (level 10, -19/69 HPs)
             Began as an Octopode Brigand on Feb 16, 2023.
             Was a High Priest of Uskayaw.
             Demolished by a death yak (27 damage)
             ... on level 8 of the Dungeon on Feb 17, 2023.
             The game lasted 00:41:33 (7771 turns).

promet the Covert (Octopode Brigand)                Turns: 7771, Time: 00:41:34

Health: -19/69     AC:  5    Str: 10    XL:     10   Next: 15%
Magic:  7/10       EV: 17    Int: 15    God:    Uskayaw [*****.]
Gold:   453        SH: 10    Dex: 21    Spells: 9/9 levels left

rFire   + . .      SeeInvis .   a - +10 short sword of Fragile Peace {pain, *Slow rF+ rN+ Dex+4}
rCold   . . .      Faith    .   d - +1 buckler {AC+3}
rNeg    + . .      Spirit   .   z - +0 hat
rPois   .          Reflect  +   p - amulet of reflection
rElec   .          Harm     .   e - ring of flight
rCorr   .          Rampage  .   (no ring)
Will    .....                   (no ring)
Stlth   ++++++....              (no ring)
HPRegen 0.21/turn               (no ring)
MPRegen 0.12/turn               (no ring)
                                (no ring)
                                (no ring)

@: attractive, flying
A: almost no armour, amphibious, 8 rings, camouflage 1, gelatinous body 1,
(nimble swimmer 1), tentacles, shaggy fur 1
a: Renounce Religion, Stomp, Line Pass, Grand Finale


You were on level 8 of the Dungeon.
You worshipped Uskayaw.
Uskayaw was noncommittal.
You visited 1 branch of the dungeon, and saw 8 of its levels.

You collected 453 gold pieces.

Inventory:

Hand Weapons
 a - the +10 short sword of Fragile Peace (weapon) {pain, *Slow rF+ rN+ Dex+4}
   (You found it on level 3 of the Dungeon)

   In the hands of one skilled in necromantic magic, it inflicts extra damage on
   living creatures.
   Dex:       It affects your dexterity (+4).
   rF:        It protects you from fire.
   rN:        It protects you from negative energy.
   *Slow:     It may slow you when you take damage.
 b - a +0 shortbow
 f - a +0 flail
 i - a +0 mace
 k - a +0 halberd
 m - a +2 dagger of freezing
 q - a +2 dagger
 w - a +1 rapier of freezing
 C - a +0 trident
 D - a +2 whip of electrocution
 I - a +0 war axe
Missiles
 t - 46 stones
 u - 4 curare-tipped darts (quivered)
 x - 16 poisoned darts
Armour
 d - a +1 buckler of protection (worn)
 z - a +0 hat (worn)
Magical Staves
 y - a staff of poison
Jewellery
 e - a ring of flight (left tentacle)
 o - a ring of resist corrosion
 p - an amulet of reflection (around mantle)
Wands
 h - a wand of roots (26)
 s - a wand of charming (17)
 v - a wand of flame (8)
Scrolls
 g - 3 scrolls of amnesia
 E - a scroll of identify
 G - a scroll of poison
 J - a scroll of blinking {unknown}
Potions
 j - 2 potions of ambrosia
 l - 2 potions of magic
 n - 3 potions of heal wounds
 r - a potion of brilliance
 A - 2 potions of might {unknown}
 B - 2 potions of curing {unknown}


   Skills:
 + Level 6.7 Fighting
 + Level 6.6 Short Blades
 + Level 6.6 Throwing
 + Level 6.4 Dodging
 + Level 10.5 Stealth


You had 9 spell levels left.
You didn't know any spells.
Your spell library contained the following spells:

 Spells                   Type           Power      Damage    Failure   Level
 Call Canine Familiar     Summ           0%         N/A       73%         3
 Portal Projectile        Hex/Tloc       0%         N/A       73%         3
 Animate Dead             Necr           0%         N/A       98%         4
 Corpse Rot               Necr/Pois/Air  0%         N/A       98%         4
 Dispel Undead            Necr           0%         3d6       98%         4
 Leda's Liquefaction      Hex/Erth       0%         N/A       98%         4
 Death Channel            Necr           0%         N/A       100%        6
 Haunt                    Necr/Summ      0%         N/A       100%        7
 Infestation              Necr           0%         N/A       100%        8


Dungeon Overview and Level Annotations

Branches:
Dungeon (8/15)             Temple (0/1) D:6            Lair (0/5) D:8

Altars:
Ashenzari
Uskayaw

Shops:
D:1 (


Innate Abilities, Weirdness & Mutations

You cannot wear most types of armour.
You are amphibious.
You can wear up to eight rings at the same time.
Your skin changes colour to match your surroundings (Stealth+).
Your rubbery body absorbs attacks. (AC +1, EV +1)
((You are camouflaged when in or above water. (Stealth+)))
You have tentacles for arms and can constrict up to eight enemies at once.
You are covered in fur. (AC +1)


Message History

The death yak bellows!
You squeeze the death yak.
The death yak is lightly wounded.
You hear a shout!
A shadow imp comes into view.
The death yak gores you.
You hear a deafening roar!
You hear a bellow!
The death yak is attracted toward you. The shadow imp is attracted toward you.
You puncture the death yak!
The death yak is moderately wounded.
The shadow imp is attracted toward you.
Okay, then.
You hit the death yak.
The death yak is moderately wounded.
The death yak misses you.
You puncture the death yak! Your squeeze misses the death yak.
The death yak is heavily wounded.
The death yak gores you!!
You stomp with the beat, sending a shockwave through the revellers around you!
The death yak is heavily wounded.
You block the death yak's attack.
You puncture the death yak!
The death yak is severely wounded.
The death yak gores you!!
* * * LOW HITPOINT WARNING * * *
You hit the death yak but do no damage.
The death yak is severely wounded.
As you read the scroll labelled RUGOCR YHIEC, it crumbles to dust.
It is a scroll of brand weapon.
Your +1 rapier is covered with a thin layer of ice!
w - a +1 rapier of freezing A death yak comes into view.
The death yak gores you!
* * * LOW HITPOINT WARNING * * *
The death yak is attracted toward you.
As you read the scroll labelled TIOKOEWESKE, it crumbles to dust.
You assume a fearsome visage.
The death yak looks frightened! x2
The death yak resists with some effort.
The shadow imp looks frightened!
It was a scroll of fear.
The death yak gores you!!
You die...

######
#..#.###...#..
#..#.......#.#
#..#####.>.#.#
#..#######.#.#
#...........#.#
##...#####.###.[
###.# ##.# ....
##.#######.. ...).
#...@YY5Y....Y....
#..######(.ยง......
#..# ..##.>. #..#
.. #..#


rr. #..# #..# #..# You could see 3 death yaks and a shadow imp (fleeing).

Vanquished Creatures
  Pikel (D:4)
  Joseph (D:8)
  A troll (D:5)
  A hornet (D:7)
  3 water moccasins
  Duvessa (D:5)
  2 black bears
  An ice beast (D:6)
  An ogre (D:6)
  3 centaurs
  A phantom (D:4)
  2 kobold brigands (D:6)
  A bullfrog (D:8)
  4 scorpions
  Dowan (D:5)
  5 killer bees (D:6)
  A howler monkey (D:5)
  4 hounds
  2 orc priests (D:7)
  5 iguanas
  Terence (D:2)
  2 orc wizards (D:6)
  Ijyb (D:4)
  A hell rat (D:8)
  Robin (D:1)
  3 gnolls (D:4)
  A river rat (D:8)
  10 adders
  3 shadow imps
  An ufetubus (D:5)
  3 worms (D:2)
  2 dart slugs
  9 orcs
  5 ball pythons
  6 bats
  6 endoplasms
  6 giant cockroaches
  15 hobgoblins
  4 jackals (D:4)
  7 quokkas
  2 frilled lizards
  14 goblins
  9 kobolds
  8 rats
  2 butterflies (D:6)
163 creatures vanquished.

Vanquished Creatures (others)
  7 plants (D:6)
7 creatures vanquished.

Grand Total: 170 creatures vanquished

Notes
Turn   | Place    | Note
-------+----------+-------------------------------------------
     0 | D:1      | promet the Octopode Brigand began the quest for the Orb.
     0 | D:1      | Reached XP level 1. HP: 14/14 MP: 1/1
    41 | D:1      | Found Ebamafou's Weapon Shoppe.
    69 | D:1      | Reached XP level 2. HP: 19/19 MP: 2/2
   366 | D:1      | Identified a scroll of acquirement
   366 | D:1      | Acquired a +0 buckler of protection
   395 | D:1      | Reached XP level 3. HP: 20/24 MP: 3/3
   519 | D:1      | Found a faded altar of an unknown god.
   960 | D:2      | Noticed Robin
  1012 | D:1      | Killed Robin
  1236 | D:2      | Reached XP level 4. HP: 12/30 MP: 4/4
  1534 | D:2      | Noticed Terence
  1542 | D:2      | Killed Terence
  1794 | D:2      | Reached skill level 6 in Stealth
  1926 | D:2      | Reached XP level 5. HP: 35/35 MP: 5/5
  2358 | D:3      | Identified the +10 short sword of Fragile Peace {pain,
                  | *Slow rF+ rN+ Dex+4}
  2640 | D:3      | Found a hide-covered altar of Uskayaw.
  2640 | D:3      | Noticed a +0 spear
  2640 | D:3      | Noticed a +0 falchion
  2640 | D:3      | Noticed a +0 spear
  2641 | D:3      | Noticed a +0 short sword
  2641 | D:3      | Noticed a +0 dagger
  2642 | D:3      | Noticed a +0 falchion
  2643 | D:3      | Noticed a +0 dagger
  2645 | D:3      | Became a worshipper of Uskayaw the Reveller
  2646 | D:3      | Noticed a +0 short sword
  2832 | D:3      | Reached * piety under Uskayaw
  3053 | D:4      | Noticed a lemure
  3053 | D:4      | Noticed a lemure
  3053 | D:4      | Noticed a lemure
  3195 | D:4      | Noticed Ijyb
  3207 | D:4      | Killed Ijyb
  3208 | D:4      | Reached XP level 6. HP: 42/42 MP: 6/6
  3557 | D:4      | Gained mutation: You are covered in fur. (AC +1) [potion of
                  | mutation]
  3613 | D:4      | Reached ** piety under Uskayaw
  3818 | D:4      | Reached XP level 7. HP: 46/46 MP: 7/7
  3943 | D:4      | Noticed Pikel
  3959 | D:4      | HP: 1/46 [lemure[Pikel] (3)]
  3959 | D:4      | Reached *** piety under Uskayaw
  3960 | D:4      | Killed Pikel
  3961 | D:4      | Reached skill level 7 in Stealth
  3961 | D:4      | Reached XP level 8. HP: 1/54 MP: 8/8
  4413 | D:5      | Entered Level 5 of the Dungeon
  4420 | D:5      | Noticed a troll
  4565 | D:5      | Killed a troll
  4566 | D:5      | Reached skill level 8 in Stealth
  4939 | D:5      | Noticed Duvessa
  4939 | D:5      | Noticed Dowan
  4975 | D:5      | Killed Dowan
  5048 | D:5      | Killed Duvessa
  5049 | D:5      | Reached skill level 5 in Fighting
  5049 | D:5      | Reached skill level 5 in Short Blades
  5049 | D:5      | Reached skill level 5 in Throwing
  5632 | D:6      | Found a staircase to the Ecumenical Temple.
  5689 | D:6      | Reached skill level 5 in Dodging
  5689 | D:6      | Reached XP level 9. HP: 61/61 MP: 9/9
  5709 | D:6      | Reached skill level 9 in Stealth
  7139 | D:7      | Found a broken altar of Ashenzari.
  7230 | D:7      | Noticed a hornet
  7233 | D:7      | Killed a hornet
  7234 | D:7      | Reached skill level 10 in Stealth
  7244 | D:7      | Reached **** piety under Uskayaw
  7391 | D:7      | Reached XP level 10. HP: 67/69 MP: 10/10
  7726 | D:8      | Found a staircase to the Lair.
  7726 | D:8      | Noticed a death yak
  7740 | D:8      | Noticed Joseph
  7751 | D:8      | Killed Joseph
  7756 | D:8      | Noticed a death yak
  7758 | D:8      | Reached ***** piety under Uskayaw
  7770 | D:8      | Noticed a death yak
  7771 | D:8      | Demolished by a death yak

Illustrated notes

Levels and vault maps discovered:
D:1:      onia_arrival_handbag, layout_loops_ring,
          ebering_ecumenical_altar_abandoned, serial_shops, shop
D:2:      layout_basic, kennysheep_donut, minmay_between, uniq_robin,
          uniq_terence
D:3:      layout_loops_ring, nicolae_uskayaw_en_pointe
D:4:      layout_gridville, uniq_ijyb, uniq_pikel
D:5:      layout_cave_pools, minmay_misc_feat_rows, uniq_duvessa
D:6:      corexii_shack_village, layout_gridville,
          minmay_temple_entry_butterflies, minivault_25,
          hangedman_decor_opposing, minmay_diced_spiral
D:7:      layout_basic, ashenzari_conservatory_becter
D:8:      layout_loops_ring, dpeg_lair_monsters, uniq_joseph

Skill      XL: |  1  2  3  4  5  6  7  8  9 |
---------------+----------------------------+-----
Dodging        | 2 3 4 5 6 |  6.4
Stealth        | 6 7 8 10 | 10.5
Fighting       | 3 4 5 6 |  6.7
Short Blades   | 3 4 5 6 |  6.6
Throwing       | 3 4 5 6 |  6.6

Action                   |  1- 3 |  4- 6 |  7- 9 | 10-12 || total
-------------------------+-------+-------+-------+-------++-------
Melee: Dagger            |    82 |    36 |       |       ||   118
       Tentacles         |    16 |    13 |    30 |     8 ||    67
       Constrict         |    19 |    17 |    23 |     2 ||    61
       Punch             |     2 |       |     1 |       ||     3
       Short sword       |       |    48 |   139 |    23 ||   210
Throw: Dart              |       |     1 |    30 |     3 ||    34
       Stone             |       |       |     9 |       ||     9
Invok: Stomp             |       |       |       |     1 ||     1
Evoke: Wand              |       |       |     7 |       ||     7
  Use: Scroll            |     1 |     9 |     4 |     2 ||    16
       Potion            |       |     3 |       |     1 ||     4
 Stab: Sleeping          |    20 |    23 |    23 |       ||    66
       Distracted        |       |     2 |     1 |       ||     3
       Paralysed         |       |       |     3 |     2 ||     5
Armor: Skin              |    15 |     5 |    13 |     1 ||    34
Dodge: Dodged            |    38 |    21 |    60 |     5 ||   124
Block: Buckler           |     9 |    18 |    58 |     7 ||    92
       Reflection        |       |     1 |     1 |       ||     2
